 Dungeon Crawl Stone Soup version 0.24-a0-446-g87df7205b4 (webtiles) character file.

Game seed: 10222981961894922590

8809 Inquire the Martial Artist (level 11, -10/83 HPs)
             Began as a Gnoll Transmuter on June 24, 2019.
             Was a Priest of Cheibriados.
             Mangled by a very large slime creature (35 damage)
             ... on level 10 of the Dungeon.
             The game lasted 00:19:06 (8266 turns).

Inquire the Martial Artist (Gnoll Transmuter)       Turns: 8266, Time: 00:19:06

Health: -10/83     AC: 16    Str: 22    XL:     11   Next: 36%
Magic:  18/23      EV: 14    Int: 24    God:    Cheibriados [***...]
Gold:   423        SH:  0    Dex: 25    Spells: 10/26 levels left

rFire    . . .     SeeInvis .   x - +1 whip (elec)
rCold    . . .     Gourm    .   (no shield)
rNeg     . . .     Faith    .   y - +2 chain mail {rPois}
rPois    +         Spirit   .   (no helmet)
rElec    .         Reflect  .   B - +0 cloak
rCorr    .         Harm     .   A - +0 pair of gloves
MR       .....                  p - +0 pair of boots
Stlth    +.........             (no amulet)
HPRegen  0.23/turn              g - ring of wizardry
MPRegen  0.18/turn              (no ring)

@: appendage, studying Throwing, very slow
A: distributed training, fangs 1, horns 2, strong nose
a: End Transformation, Bend Time, Temporal Distortion, Renounce Religion


You were on level 10 of the Dungeon.
You worshipped Cheibriados.
Cheibriados was most pleased with you.
You were hungry.
You had grown temporary horns.
You visited 1 branch of the dungeon, and saw 10 of its levels.

You collected 423 gold pieces.

Inventory:

Hand Weapons
 x - a +1 whip of electrocution (weapon)
 E - the +5 halberd of Eddenaat {chop, rElec rF+}
   (You found it on level 9 of the Dungeon)

   It inflicts extra damage upon your enemies.
   It protects you from fire.
   It insulates you from electricity.
 G - a +2 bardiche of protection
Missiles
 c - 18 arrows
 l - 8 javelins (quivered)
 C - a throwing net
Armour
 p - a +0 pair of boots (worn)
 y - a +2 chain mail of poison resistance (worn)
 A - a +0 pair of gloves (worn)
 B - a +0 cloak (worn)
Magical Staves
 u - an uncursed staff of fire
Jewellery
 g - a ring of wizardry (left hand)
 v - an uncursed ring of fire
 w - an uncursed ring of ice
Wands
 i - a wand of polymorph (11)
Scrolls
 a - a scroll of enchant armour {unknown}
 b - a scroll of fear
 k - 8 scrolls of remove curse
 m - a scroll of fog
 q - 5 scrolls of amnesia
 r - 4 scrolls of teleportation
Potions
 e - a potion of magic
 f - 2 potions of flight
 j - a potion of curing
 n - a potion of haste
 o - a potion of ambrosia
Books
 s - a manual of Throwing
Miscellaneous
 D - a box of beasts
 F - a lightning rod (4/4)
Comestibles
 d - 10 rations


   Skills:
 + Level 6.7 Fighting
 + Level 6.1 Short Blades
 + Level 6.1 Long Blades
 + Level 6.1 Axes
 + Level 6.1 Maces & Flails
 + Level 6.1 Polearms
 + Level 6.1 Staves
 + Level 6.1 Slings
 + Level 6.1 Bows
 + Level 6.1 Crossbows
 + Level 6.8 Throwing
 + Level 6.1 Armour
 + Level 7.7 Dodging
 + Level 6.1 Stealth
 + Level 6.1 Shields
 + Level 9.1 Unarmed Combat
 + Level 8.0 Spellcasting
 + Level 5.0 Conjurations
 + Level 5.0 Hexes
 + Level 5.0 Charms
 + Level 5.0 Summonings
 + Level 5.0 Necromancy
 + Level 5.0 Translocations
 + Level 6.4 Transmutations
 + Level 5.0 Fire Magic
 + Level 5.0 Ice Magic
 + Level 5.0 Air Magic
 + Level 5.0 Earth Magic
 + Level 5.0 Poison Magic
 + Level 6.7 Invocations
 + Level 6.1 Evocations


You had 10 spell levels left.
You knew the following spells:

 Your Spells              Type           Power        Failure   Level  Hunger
a - Beastly Appendage     Tmut           #####.       1%          1    None
b - Sticks to Snakes      Tmut           #####...     2%          2    None
c - Spider Form           Tmut/Pois      #####.....   6%          3    None
d - Blade Hands           Tmut           #####.....   34%         5    #####..
e - Regeneration          Chrm/Necr      ####......   8%          3    None
f - Passwall              Tmut/Erth      #####...     2%          2    None

Your spell library contained the following spells:

 Spells                   Type           Power        Failure   Level  Hunger
 Animate Skeleton         Necr           N/A          2%          1    None
 Flame Tongue             Conj/Fire      ####.        2%          1    None
 Pain                     Necr           ####         2%          1    None
 Sandblast                Erth           ####..       2%          1    None
 Throw Flame              Conj/Fire      ####..       3%          2    None
 Conjure Flame            Conj/Fire      ####....     8%          3    None
 Inner Flame              Hex/Fire       ####....     8%          3    None
 Vampiric Draining        Necr           ####......   8%          3    None
 Ice Form                 Ice/Tmut       #####...     17%         4    ##.....
 Animate Dead             Necr           N/A          24%         4    ##.....
 Sticky Flame             Conj/Fire      ####....     24%         4    ##.....
 Fireball                 Conj/Fire      ####......   52%         5    #####..
 Lee's Rapid Deconstruct  Erth           ####......   52%         5    #####..
 Iron Shot                Conj/Erth      ####......   97%         6    ######.


Dungeon Overview and Level Annotations

Branches:
Dungeon (10/15)            Temple (0/1) D:7             Orc (0/2) D:9
   Lair: D:8-11

Altars:
Cheibriados
Elyvilon
Hepliaklqana
Qazlal
Ru
Trog
Uskayaw
Vehumet
Wu Jian
Xom
Yredelemnul


Innate Abilities, Weirdness & Mutations

Your experience applies equally to all skills.
You have very sharp teeth.
Your uncanny sense of smell can sniff out nearby items.
You have a pair of horns on your head.


Message History

Unknown command.
Evoke which item? (* to show all) (? for menu, Esc to quit)
Aiming: Corrosive Bolt
Press: ? - help, Shift-Dir - straight line, f - very large slime creature
Aim: a very large slime creature (heavily wounded, covered in acid)
The bolt of acid hits the very large slime creature!!
The very large slime creature is splashed with acid!
The very large slime creature seems to be corroded for longer.
The very large slime creature is severely wounded.
Unknown command.
Evoke which item? (* to show all) (? for menu, Esc to quit)
Aiming: Corrosive Bolt
Press: ? - help, Shift-Dir - straight line, f/p - very large slime creature
Aim: a very large slime creature (severely wounded, covered in acid)
The bolt of acid hits the very large slime creature!!
The very large slime creature is splashed with acid.
The very large slime creature is almost dead.
The now-empty wand crumbles to dust.
The very large slime creature hits you!!
You die...

#.............##.....+
##...).........#
.....#
∆..........###### ∆
......##..#
......##..#
..........# ...
+#........# ....
...######'###.....
.J....((..@....(..
.JJ....#.J.#......
.J.....#(..# .....
.....J.(........).
..................
##################


You could see a very large slime creature.

Vanquished Creatures
  A sphinx (D:9)
  3 two-headed ogres
  A cyclops (D:10)
  A troll (D:9)
  2 slime creatures (D:10)
  A spriggan (shapeshifter) (D:9)
  A hungry ghost (D:10)
  3 orc warriors
  2 black bears
  4 sky beasts
  4 ice beasts
  A phantom (D:6)
  2 ogres
  2 centaurs (D:9)
  9 bullfrogs
  5 scorpions
  2 wights (D:9)
  7 killer bees (D:9)
  3 howler monkeys
  3 crimson imps
  A centaur zombie (D:10)
  2 jellies (D:6)
  A quasit (D:10)
  A bullfrog zombie (D:7)
  A gnoll shaman (D:9)
  3 orc priests
  A bullfrog skeleton (D:7)
  A centaur skeleton (D:10)
  4 hounds
  3 orc wizards
  7 worker ants
  A killer bee zombie (D:6)
  A hound zombie (D:7)
  2 hound skeletons
  A howler monkey zombie (D:5)
  A worker ant zombie (D:8)
  4 gnolls (D:9)
  8 adders
  3 shadow imps
  An ooze (D:4)
  3 worms
  2 dart slugs (D:1)
  4 leopard geckos
  29 orcs
  7 giant cockroaches
  6 goblins
  3 hobgoblins
  9 jackals
  3 quokkas
  4 bats
  7 frilled lizards
  5 kobolds
  A quokka skeleton (D:5)
  11 rats
198 creatures vanquished.

Vanquished Creatures (collateral kills)
  An ogre (D:7)
  A worker ant (D:4)
  An orc (D:7)
3 creatures vanquished.

Grand Total: 201 creatures vanquished

Notes
Turn   | Place    | Note
-------+----------+-------------------------------------------
     0 | D:1      | Inquire the Gnoll Transmuter began the quest for the Orb.
     0 | D:1      | Reached XP level 1. HP: 17/17 MP: 6/6
    43 | D:1      | Reached XP level 2. HP: 23/23 MP: 5/7
   180 | D:1      | Learned a level 2 spell: Sticks to Snakes
   369 | D:1      | Reached XP level 3. HP: 28/28 MP: 9/9
   392 | D:1      | Reached skill level 5 in Spellcasting
   820 | D:2      | Reached skill level 1 in Invocations
   854 | D:2      | Found a bloodstained altar of Trog.
  1096 | D:2      | Found an ornate altar of the Wu Jian Council.
  1288 | D:2      | Reached skill level 1 in Short Blades
  1288 | D:2      | Reached skill level 1 in Long Blades
  1288 | D:2      | Reached skill level 1 in Axes
  1288 | D:2      | Reached skill level 1 in Maces & Flails
  1288 | D:2      | Reached skill level 1 in Polearms
  1288 | D:2      | Reached skill level 1 in Staves
  1288 | D:2      | Reached skill level 1 in Slings
  1288 | D:2      | Reached skill level 1 in Bows
  1288 | D:2      | Reached skill level 1 in Crossbows
  1288 | D:2      | Reached skill level 1 in Throwing
  1288 | D:2      | Reached skill level 1 in Armour
  1288 | D:2      | Reached skill level 1 in Stealth
  1288 | D:2      | Reached skill level 1 in Shields
  1288 | D:2      | Reached skill level 1 in Evocations
  1370 | D:3      | Learned a level 3 spell: Spider Form
  1402 | D:3      | You fall into a shaft and drop 2 floors!
  1402 | D:5      | Entered Level 5 of the Dungeon
  1403 | D:5      | Noticed an ogre
  1457 | D:4      | Reached XP level 4. HP: 31/34 MP: 9/11
  1472 | D:4      | Reached skill level 1 in Conjurations
  1472 | D:4      | Reached skill level 1 in Hexes
  1472 | D:4      | Reached skill level 1 in Charms
  1472 | D:4      | Reached skill level 1 in Summonings
  1472 | D:4      | Reached skill level 1 in Necromancy
  1472 | D:4      | Reached skill level 1 in Translocations
  1472 | D:4      | Reached skill level 1 in Fire Magic
  1472 | D:4      | Reached skill level 1 in Ice Magic
  1472 | D:4      | Reached skill level 1 in Air Magic
  1472 | D:4      | Reached skill level 1 in Earth Magic
  1472 | D:4      | Reached skill level 1 in Poison Magic
  1685 | D:3      | Found a hazy altar of Hepliaklqana.
  1920 | D:3      | Found a hide-covered altar of Uskayaw.
  1920 | D:3      | Found a radiant altar of Vehumet.
  2254 | D:4      | Reached XP level 5. HP: 30/40 MP: 12/12
  2685 | D:4      | Found a basalt altar of Yredelemnul.
  2718 | D:4      | Reached XP level 6. HP: 47/47 MP: 13/13
  2748 | D:4      | Found a white marble altar of Elyvilon.
  2960 | D:5      | Reached skill level 5 in Dodging
  3045 | D:5      | Learned a level 5 spell: Blade Hands
  3226 | D:5      | Reached XP level 7. HP: 52/52 MP: 15/15
  3386 | D:5      | Found a radiant altar of Vehumet.
  3420 | D:6      | Found a stormy altar of Qazlal.
  3443 | D:6      | Reached skill level 7 in Unarmed Combat
  4095 | D:6      | Reached XP level 8. HP: 35/60 MP: 16/16
  4596 | D:6      | Found a snail-covered altar of Cheibriados.
  4768 | D:6      | Became a worshipper of Cheibriados the Contemplative
  5202 | D:7      | Reached XP level 9. HP: 66/66 MP: 18/18
  5211 | D:7      | Reached skill level 5 in Transmutations
  5250 | D:7      | Found a staircase to the Ecumenical Temple.
  5280 | D:7      | Reached * piety under Cheibriados
  5981 | D:8      | Learned a level 3 spell: Regeneration
  6029 | D:8      | Reached skill level 5 in Fighting
  6085 | D:8      | Noticed Maurice
  6087 | D:8      | Noticed Maurice
  6087 | D:8      | Maurice changed into Maurice the sky beast
  6100 | D:8      | Killed Maurice the sky beast
  6225 | D:8      | Noticed a two-headed ogre
  6228 | D:8      | Killed a two-headed ogre
  6228 | D:8      | Reached ** piety under Cheibriados
  6228 | D:8      | Reached skill level 8 in Unarmed Combat
  6228 | D:8      | Reached skill level 5 in Invocations
  6581 | D:9      | Found a staircase to the Orcish Mines.
  6595 | D:9      | Reached XP level 10. HP: 73/74 MP: 20/20
  6724 | D:9      | Noticed a sphinx
  6739 | D:9      | Killed a sphinx
  6739 | D:9      | Reached skill level 5 in Short Blades
  6739 | D:9      | Reached skill level 5 in Long Blades
  6739 | D:9      | Reached skill level 5 in Axes
  6739 | D:9      | Reached skill level 5 in Maces & Flails
  6739 | D:9      | Reached skill level 5 in Polearms
  6739 | D:9      | Reached skill level 5 in Staves
  6739 | D:9      | Reached skill level 5 in Slings
  6739 | D:9      | Reached skill level 5 in Bows
  6739 | D:9      | Reached skill level 5 in Crossbows
  6739 | D:9      | Reached skill level 5 in Throwing
  6739 | D:9      | Reached skill level 5 in Armour
  6739 | D:9      | Reached skill level 5 in Stealth
  6739 | D:9      | Reached skill level 5 in Shields
  6739 | D:9      | Reached skill level 5 in Evocations
  6903 | D:9      | Identified the Almanac of Dusty Transformation
  6908 | D:9      | Got a jewelled halberd
  6922 | D:9      | Identified the +5 halberd of Eddenaat {chop, rElec rF+}
                  | (You found it on level 9 of the Dungeon)
  6946 | D:9      | Learned a level 2 spell: Passwall
  6955 | D:9      | Noticed a two-headed ogre
  6967 | D:9      | Killed a two-headed ogre
  7166 | D:9      | Reached *** piety under Cheibriados
  7178 | D:9      | Noticed a two-headed ogre
  7186 | D:9      | Killed a two-headed ogre
  7186 | D:9      | Reached XP level 11. HP: 31/83 MP: 22/22
  7688 | D:9      | Found a shimmering altar of Xom.
  7810 | D:9      | Found a sacrificial altar of Ru.
  7892 | D:9      | Reached skill level 9 in Unarmed Combat
  8055 | D:10     | Entered Level 10 of the Dungeon
  8207 | D:10     | Reached **** piety under Cheibriados
  8213 | D:10     | Reached skill level 5 in Conjurations
  8213 | D:10     | Reached skill level 5 in Hexes
  8213 | D:10     | Reached skill level 5 in Charms
  8213 | D:10     | Reached skill level 5 in Summonings
  8213 | D:10     | Reached skill level 5 in Necromancy
  8213 | D:10     | Reached skill level 5 in Translocations
  8213 | D:10     | Reached skill level 5 in Fire Magic
  8213 | D:10     | Reached skill level 5 in Ice Magic
  8213 | D:10     | Reached skill level 5 in Air Magic
  8213 | D:10     | Reached skill level 5 in Earth Magic
  8213 | D:10     | Reached skill level 5 in Poison Magic
  8255 | D:10     | Noticed a cyclops
  8260 | D:10     | Killed a cyclops
  8266 | D:10     | Mangled by a very large slime creature

Levels and vault maps discovered:
D:1:      lordsloth_arrival_two_stooges, layout_basic
D:2:      layout_basic, lemuel_coloured_pillars_altar, bloody_trog, first_ration
D:3:      layout_basic, nicolae_overflow_hidden_temple,
          grunt_temple_overflow_open
D:4:      layout_loops_corners, kennysheep_ying_yang, portal_sewer_entry_d
D:5:      layout_basic, led_sif_pool, vehumet_altar_wand_db
D:6:      layout_loops_ring, grunt_qazlal_clouds, lemuel_round_altar
D:7:      layout_cave_pools, minmay_temple_entry_gardened_gates
D:8:      layout_basic, uniq_maurice
D:9:      minmay_the_grid_plus [minmay_the_grid_all_tris,
          minmay_the_grid_expand, minmay_the_grid_embedded,
          minmay_the_grid_medium_cups, minmay_the_grid_prize_diamond_cup],
          layout_small_grid, lemuel_round_altar, david_orc_2, basic_altar
D:10:     layout_stronghold, dpeg_oklobed_lair

Skill      XL: |  1  2  3  4  5  6  7  8  9 10 11 |
---------------+----------------------------------+-----
Spellcasting   | 5 6 7 8 |  8.0
Invocations    | 1 2 3 4 5 6 |  6.7
Short Blades   | 1 2 3 4 5 6 |  6.1
Long Blades    | 1 2 3 4 5 6 |  6.1
Axes           | 1 2 3 4 5 6 |  6.1
Maces & Flails | 1 2 3 4 5 6 |  6.1
Polearms       | 1 2 3 4 5 6 |  6.1
Staves         | 1 2 3 4 5 6 |  6.1
Slings         | 1 2 3 4 5 6 |  6.1
Bows           | 1 2 3 4 5 6 |  6.1
Crossbows      | 1 2 3 4 5 6 |  6.1
Throwing       | 1 2 3 4 6 |  6.8
Armour         | 1 2 3 4 5 6 |  6.1
Stealth        | 1 2 3 4 5 6 |  6.1
Shields        | 1 2 3 4 5 6 |  6.1
Evocations     | 1 2 3 4 5 6 |  6.1
Conjurations   | 1 2 3 4 5 |  5.0
Hexes          | 1 2 3 4 5 |  5.0
Charms         | 1 2 3 4 5 |  5.0
Summonings     | 1 2 3 4 5 |  5.0
Necromancy     | 1 2 3 4 5 |  5.0
Translocations | 1 2 3 4 5 |  5.0
Fire Magic     | 1 2 3 4 5 |  5.0
Ice Magic      | 1 2 3 4 5 |  5.0
Air Magic      | 1 2 3 4 5 |  5.0
Earth Magic    | 1 2 3 4 5 |  5.0
Poison Magic   | 1 2 3 4 5 |  5.0
Fighting       | 3 4 5 6 |  6.7
Transmutations | 4 5 6 |  6.4
Dodging        | 5 6 7 |  7.7
Unarmed Combat | 7 8 9 |  9.1

Action                   |  1- 3 |  4- 6 |  7- 9 | 10-12 || total
-------------------------+-------+-------+-------+-------++-------
Melee: Unarmed           |   107 |   102 |   191 |    24 ||   424
       Kick              |     4 |     4 |       |       ||     8
       Bite              |     7 |     9 |    36 |    26 ||    78
       Headbutt          |     3 |     4 |    35 |     4 ||    46
       Punch             |       |     5 |     9 |     9 ||    23
       Whip              |       |       |   152 |   137 ||   289
Throw: Boomerang         |       |     6 |     3 |     2 ||    11
 Cast: Beastly Appendage |     7 |     4 |    19 |     2 ||    32
       Sticks to Snakes  |       |     1 |     4 |       ||     5
       Spider Form       |       |       |     2 |     1 ||     3
       Blade Hands       |       |       |       |     2 ||     2
Invok: Bend Time         |       |       |     1 |       ||     1
       Slouch            |       |       |       |     1 ||     1
Evoke: Wand              |       |       |     5 |    15 ||    20
  Use: Scroll            |     7 |     6 |     8 |     7 ||    28
       Potion            |       |     2 |     8 |     4 ||    14
 Stab: Sleeping          |       |       |     2 |       ||     2
       Invisible         |       |       |     1 |       ||     1
       Distracted        |       |       |     1 |       ||     1
  Eat: Ration            |     1 |     2 |     1 |     2 ||     6
       Chunk             |       |     1 |     2 |     2 ||     5
Armor: Robe              |     6 |       |       |       ||     6
       Ring mail         |    21 |    30 |    38 |       ||    89
       Chain mail        |       |       |    80 |    81 ||   161
Dodge: Dodged            |    52 |    54 |   183 |   140 ||   429

Table legend:
 A = Non-vault XP
 B = Vault XP
 C = Vault XP percentage of total XP
 D = Non-vault monster count
 E = Vault monster count
 F = Vault count percentage of total count
                 A         B        C        D         E       F
            +---------+---------+-------+---------+---------+-------
      Total |    6639 |    5946 |  47.2 |     172 |      29 |  14.4
            +---------+---------+-------+---------+---------+-------
        D:1 |      38 |       0 |   0.0 |      25 |       0 |   0.0
        D:2 |      39 |       0 |   0.0 |      13 |       0 |   0.0
        D:3 |      25 |       0 |   0.0 |       8 |       0 |   0.0
        D:4 |     208 |      13 |   5.9 |      12 |       1 |   7.7
        D:5 |     327 |       0 |   0.0 |      11 |       0 |   0.0
        D:6 |    1592 |       0 |   0.0 |      38 |       0 |   0.0
        D:7 |     770 |       0 |   0.0 |      25 |       0 |   0.0
        D:8 |    1328 |     127 |   8.7 |      13 |       1 |   7.1
        D:9 |     704 |    5806 |  89.2 |      16 |      27 |  62.8
       D:10 |    1608 |       0 |   0.0 |      11 |       0 |   0.0
            +---------+---------+-------+---------+---------+-------
